 Dungeon Crawl Stone Soup version 0.31.0-11-ge490571c62 (webtiles) character file.

Game seed: 3613915615148922706

52 qw the Shooter (level 3, -3/20 HPs)
             Began as a Deep Elf Hunter on Feb 3, 2024.
             Slain by a ribbon worm (4 damage)
             ... on level 2 of the Dungeon.
             The game lasted 00:00:04 (1067 turns).

qw the Shooter (Deep Elf Hunter)                    Turns: 1067, Time: 00:00:04

Health: -3/20      AC:  4    Str: 10    XL:     3   Next: 60%
Magic:  5/5        EV: 12    Int: 13    God:
Gold:   63         SH:  0    Dex: 18    Spells: 2/2 levels left

rFire   . . .        a - +0 shortbow
rCold   . . .        (shield currently unavailable)
rNeg    . . .        c - +0 leather armour
rPois   .            (no helmet)
rElec   .            j - +0 cloak
rCorr   .            (no gloves)
SInv    .            (no boots)
Will    .....        (no amulet)
Stlth   ++           (no ring)
HPRegen 0.23/turn    (no ring)
MPRegen 0.09/turn

%: no passive effects
@: no status effects
A: no striking features
a: no special abilities


You were on level 2 of the Dungeon.
You visited 1 branch of the dungeon, and saw 2 of its levels.

You collected 63 gold pieces.


   Skills:
 - Level 1.5 Fighting
 + Level 7.1 Ranged Weapons
 - Level 2.4 Dodging
 - Level 1.2 Stealth


You had 2 spell levels left.
You didn't know any spells.
Your spell library was empty.

Inventory:

Hand Weapons
 a - a +0 shortbow (weapon)
Armour
 b - a +0 scale mail
 c - a +0 leather armour (worn)
 d - a +0 helmet
 j - a +0 cloak (worn)
Potions
 e - a potion of haste
 g - a potion of curing
 h - a potion of lignification {unknown}
 i - a potion of heal wounds {unknown}
 m - 3 potions of resistance {unknown}

Dungeon Overview and Level Annotations

Branches:
Dungeon (2/15)

Altars:


Message History

A nearby fungus withers and dies.
You shoot an arrow. The arrow hits the ribbon worm.
The ribbon worm is moderately wounded.
You shoot an arrow.
The arrow hits the ribbon worm but does no damage.
The ribbon worm is moderately wounded.
The ribbon worm bites you!
You shoot an arrow.
The arrow barely misses the ribbon worm.
The arrow hits the fungus.
The fungus begins to die.
The fungus is lightly damaged.
The ribbon worm bites you but does no damage.
You shoot an arrow. The arrow hits the ribbon worm.
The ribbon worm is heavily wounded.
The ribbon worm closely misses you.
You shoot an arrow.
The arrow hits the ribbon worm but does no damage.
The ribbon worm is heavily wounded.
You shoot an arrow.
The arrow barely misses the ribbon worm.
The arrow hits the fungus!
The fungus is lightly damaged.
A nearby fungus withers and dies.
The ribbon worm expels a string of sticky webbing.
The stream of webbing hits you but does no damage.
You are caught in a web!
You struggle to detach yourself from the web.
The ribbon worm barely misses you.
The web tears apart.
The ribbon worm bites you!
You shoot an arrow.
The arrow hits the ribbon worm but does no damage.
The ribbon worm is moderately wounded.
The ribbon worm bites you.
You shoot an arrow. The arrow hits the ribbon worm!
The ribbon worm is severely wounded.
You shoot an arrow. The arrow hits the ribbon worm.
The ribbon worm is almost dead.
The ribbon worm bites you.
You die...

#####...#.....%)%......
##..#.#####%.##.... #
#...........# . ..
#.###<#####.# ## #.#
#.# #.# .# #... ##.# ..
#..#..# ..#.....##
#...PP@.#
.?.P.PPw$......
#.PP........###
..PP.8.....##
#.PP.......#
#..PP.PP..##
.....PP..## ###.....##


You could see a ribbon worm (catching breath).

Vanquished Creatures
  An adder (D:2)
  2 dart slugs (D:1)
  2 ribbon worms (D:1)
  8 endoplasms
  3 goblins
  A hobgoblin (D:1)
  3 jackals (D:2)
  2 quokkas (D:1)
  3 ball pythons
  2 bats
  5 kobolds
  A rat (D:2)
33 creatures vanquished.

Notes
Turn   | Place    | Note
-------+----------+-------------------------------------------
     0 | D:1      | qw the Deep Elf Hunter began the quest for the Orb.
     0 | D:1      | Reached XP level 1. HP: 12/12 MP: 3/3
     0 | D:1      | 0 ||| qw: Version: 0.3-a-157-g843a77d
     0 | D:1      | 0 ||| qw: Game counter: 3613
     0 | D:1      | 0 ||| qw: Melee chars always use a shield: true
     0 | D:1      | 0 ||| qw: God list: Okawaru
     0 | D:1      | 0 ||| qw: Allow faded altars: false
     0 | D:1      | 0 ||| qw: Do Orc after clearing Dungeon:15 true
     0 | D:1      | 0 ||| qw: Do second Lair branch before Depths: true
     0 | D:1      | 0 ||| qw: Lair rune preference: random
     0 | D:1      | 0 ||| qw: Goals: Normal
     0 | D:1      | 0 ||| PLANNING D:1-11
   217 | D:1      | Reached skill level 6 in Ranged Weapons
   217 | D:1      | Reached XP level 2. HP: 16/16 MP: 4/4
   758 | D:1      | 758 ||| UPGRADING to +0 cloak.
   763 | D:1      | 763 ||| READING 2 scrolls labelled HAIWAL VIGYGONG.
   763 | D:1      | 763 ||| IDENTIFYING pink potion
   764 | D:1      | 764 ||| READING scroll of identify.
   764 | D:1      | 764 ||| IDENTIFYING puce potion
   765 | D:1      | 765 ||| READING scroll labelled AMOCARCH ULLOT.
   766 | D:1      | 766 ||| READING scroll labelled AGUUFF NAZOTHRI.
   867 | D:1      | 867 ||| READING scroll labelled WAOCHE HOUBLI.
   868 | D:1      | 868 ||| DRINKING 2 murky sapphire potions.
   869 | D:1      | 869 ||| DROPPING scroll of butterflies.
   870 | D:1      | 870 ||| DROPPING potion of brilliance.
   904 | D:2      | Reached XP level 3. HP: 20/20 MP: 5/5
   965 | D:2      | Reached skill level 7 in Ranged Weapons
   968 | D:2      | HP: 5/20 [poisoned by an adder]
   969 | D:2      | 969 ||| FLEEEEING.
   973 | D:2      | HP: 5/20 [jackal (1)]
  1064 | D:2      | HP: 5/20 [ribbon worm (8)]
  1065 | D:2      | HP: 1/20 [ribbon worm (5)]
  1067 | D:2      | Slain by a ribbon worm

Levels and vault maps discovered:
D:1:      wander_arrival_abandoned_jail, layout_basic, serial_forest,
          infiniplex_forest_end_3, infiniplex_forest_clump_cross,
          infiniplex_forest_lined_3, infiniplex_forest_lined_2,
          infiniplex_forest_end_double, infiniplex_forest_straight_2,
          infiniplex_forest_clump_tiny, nicolae_wormholes
D:2:      layout_loops_ring, basic_altar, minmay_misc_feat_ornament,
          dreamdust_mushroom_princess, minmay_pentomino_o4

Skill      XL: |  1  2  3 |
---------------+----------+-----
Ranged Weapons | 6 7 |  7.1
Fighting       | |  1.5
Dodging        | |  2.4
Stealth        | |  1.2

Action                     || total
---------------------------++-------
   Fire: Shortbow          ||    98
    Use: Scroll            ||     5
         Potion            ||     1
 Armour: Leather armour    ||    14
  Dodge: Dodged            ||    17

Table legend:
 A = Non-vault XP
 B = Vault XP
 C = Vault XP percentage of total XP
 D = Non-vault monster count
 E = Vault monster count
 F = Vault count percentage of total count
                 A         B        C        D         E       F
            +---------+---------+-------+---------+---------+-------
      Total |      58 |      17 |  22.7 |      26 |       7 |  21.2
            +---------+---------+-------+---------+---------+-------
        D:1 |      31 |       8 |  20.5 |      17 |       2 |  10.5
        D:2 |      27 |       9 |  25.0 |       9 |       5 |  35.7
            +---------+---------+-------+---------+---------+-------
